Map: Frost LE

Players

Hurricane - Winner!

  • Race: Protoss Protoss
  • League: Master

DrennoC

  • Race: Protoss Protoss
  • League: Master

VOD

Have the link to the VOD?

Description

Macro 3 Base PvP Attack

Time

  • Played on: Nov. 16, 2016, 10:44 p.m.
  • Length: 9:17
Show
View Real Time Build Order
Export as new Build Order

Hurricane Protoss - Winner!

Build Orders: Zealot Archon 

Get SALT Encoding   

  12  0:00  Probe (Chrono Boost)  
  13  0:11  Probe (Chrono Boost)  
  14  0:19  Pylon  
  14  0:22  Probe (Chrono Boost)  
  15  0:37  Probe (Chrono Boost)  
  15  0:39  Gateway  
  16  0:48  Probe (Chrono Boost)  
  17  0:50  Assimilator  
  17  0:52  Assimilator  
  17  0:58  Probe (Chrono Boost)  
  18  1:09  Probe (Chrono Boost)  
  18  1:11  Gateway  
  19  1:19  Probe (Chrono Boost)  
  20  1:27  Cybernetics Core  
  20  1:30  Probe (Chrono Boost)  
  21  1:34  Pylon  
  21  1:41  Probe (Chrono Boost)  
  22  1:51  Probe (Chrono Boost)  
  23  2:05  Warp Gate, Mothership Core (Chrono Boost)  
  25  2:21  Nexus  
  25  2:32  Stalker  
  25  2:34  Stalker  
  29  2:45  Pylon  
  29  3:00  Stalker  
  29  3:02  Stalker  
  33  3:08  Probe (Chrono Boost)  
  34  3:18  Robotics Facility  
  34  3:24  Probe (Chrono Boost)  
  35  3:29  Sentry  
  35  3:32  Sentry  
  39  3:35  Probe (Chrono Boost)  
  39  3:36  Probe (Chrono Boost)  
  41  3:45  Probe (Chrono Boost)  
  41  3:47  Twilight Council  
  42  3:50  Probe (Chrono Boost)  
  43  3:56  Probe (Chrono Boost)  
  43  4:00  Immortal  
  44  4:09  Probe (Chrono Boost)  
  49  4:11  Probe (Chrono Boost)  
  49  4:16  Pylon  
  50  4:21  Probe (Chrono Boost)  
  50  4:22  Probe (Chrono Boost)  
  50  4:23  Resonating Glaives  
  52  4:32  Probe (Chrono Boost)  
  52  4:34  Probe (Chrono Boost)  
  52  4:35  Immortal  
  54  4:42  Probe (Chrono Boost)  
  60  4:46  Probe (Chrono Boost)  
  60  4:48  Pylon  
  59  4:57  Probe (Chrono Boost)  
  59  4:58  Probe (Chrono Boost)  
  57  5:07  Probe (Chrono Boost)  
  57  5:09  Immortal  
  57  5:10  Probe (Chrono Boost)  
  59  5:19  Probe (Chrono Boost)  
  64  5:22  Gateway  
  64  5:23  Gateway  
  64  5:27  Gateway  
  64  5:31  Gateway  
  64  5:33  Probe (Chrono Boost)  
  64  5:35  Probe (Chrono Boost)  
  66  5:38  Assimilator  
  66  5:40  Assimilator  
  66  5:44  Templar Archives, Warp Prism  
  68  5:53  Probe x2 (Chrono Boost)  
  70  6:00  Pylon  
  70  6:03  Pylon  
  70  6:18  Observer, Probe (Chrono Boost)  
  72  6:20  Probe (Chrono Boost)  
  73  6:28  High Templar x2  
  73  6:30  Adept x2  
  81  6:32  Archon  
  81  6:36  Nexus  
  81  6:37  Pylon  
  83  6:40  Probe (Chrono Boost)  
  83  6:41  Probe (Chrono Boost)  
  83  6:46  Adept  
  85  6:51  Pylon  
  85  6:52  Pylon  
  85  7:21  Immortal  
  85  7:22  High Templar x2  
  93  7:23  Adept x4  
  93  7:26  Archon  
  101  7:45  Adept x4  
  109  7:59  Adept x2  
  113  8:08  Adept  
  113  8:09  Adept x3  
  124  8:13  Probe (Chrono Boost)  
  124  8:14  Probe x2 (Chrono Boost)  
  124  8:17  Robotics Bay  
  114  8:25  Adept x2  
  114  8:27  Probe (Chrono Boost)  
  114  8:29  Probe x2 (Chrono Boost)  
  114  8:30  Observer  
  118  8:35  Forge  
  118  8:36  Adept x3  
  124  8:52  Probe (Chrono Boost)  
  124  8:53  Probe x2 (Chrono Boost)  
  123  9:02  Adept x2  
  119  9:03  Adept x2  
  123  9:14  Photon Cannon  
  116  9:17  Photon Cannon  
Show
View Real Time Build Order
Export as new Build Order

DrennoC Protoss 

Build Orders: Blink Stalkers, Zealot Archon 

Get SALT Encoding   

  12  0:01  Probe (Chrono Boost)  
  13  0:13  Probe (Chrono Boost)  
  14  0:18  Pylon  
  14  0:23  Probe (Chrono Boost)  
  15  0:36  Probe (Chrono Boost)  
  15  0:39  Gateway  
  16  0:45  Assimilator  
  16  0:48  Probe (Chrono Boost)  
  17  0:59  Assimilator, Probe (Chrono Boost)  
  18  1:11  Probe (Chrono Boost)  
  19  1:15  Gateway  
  19  1:26  Cybernetics Core  
  19  1:28  Probe (Chrono Boost)  
  21  1:40  Probe (Chrono Boost), Pylon  
  21  1:50  Probe (Chrono Boost)  
  22  1:58  Warp Gate  
  22  2:01  Probe (Chrono Boost)  
  23  2:02  Stalker  
  23  2:04  Stalker  
  27  2:21  Pylon  
  27  2:22  Probe (Chrono Boost)  
  28  2:45  Nexus  
  28  2:50  Probe (Chrono Boost)  
  29  3:03  Mothership Core (Chrono Boost)  
  29  3:05  Twilight Council  
  31  3:12  Stalker  
  33  3:20  Stalker  
  33  3:23  Probe (Chrono Boost)  
  37  3:35  Blink, Probe (Chrono Boost)  
  37  3:39  Pylon  
  37  3:47  Probe (Chrono Boost)  
  38  3:59  Probe (Chrono Boost)  
  38  4:00  Probe (Chrono Boost)  
  38  4:02  Assimilator  
  40  4:04  Adept  
  40  4:08  Adept  
  44  4:10  Probe (Chrono Boost)  
  44  4:14  Probe (Chrono Boost)  
  46  4:21  Probe (Chrono Boost)  
  47  4:26  Probe (Chrono Boost)  
  47  4:31  Robotics Facility, Probe (Chrono Boost)  
  50  4:38  Probe (Chrono Boost)  
  50  4:42  Probe (Chrono Boost)  
  51  4:46  Pylon  
  51  4:50  Probe (Chrono Boost)  
  52  4:57  Probe (Chrono Boost)  
  51  5:02  Stalker x2  
  51  5:05  Probe (Chrono Boost)  
  54  5:08  Probe (Chrono Boost)  
  54  5:09  Gateway  
  54  5:12  Assimilator  
  55  5:15  Immortal  
  55  5:17  Probe (Chrono Boost)  
  60  5:24  Probe (Chrono Boost)  
  61  5:32  Stalker x2  
  67  5:36  Probe (Chrono Boost)  
  67  5:37  Probe (Chrono Boost)  
  67  5:45  Pylon  
  67  5:48  Probe (Chrono Boost)  
  68  5:55  Probe (Chrono Boost)  
  69  6:01  Dark Shrine  
  69  6:06  Nexus, Pylon  
  69  6:10  Probe (Chrono Boost)  
  70  6:13  Warp Prism  
  70  6:14  Pylon  
  72  6:27  Stalker  
  72  6:30  Probe x2 (Chrono Boost)  
  76  6:37  Stalker x2  
  80  6:42  Probe (Chrono Boost)  
  80  6:44  Pylon, Probe (Chrono Boost)  
  80  6:47  Pylon  
  82  7:06  Stalker  
  82  7:07  Stalker x2  
  88  7:10  Probe (Chrono Boost)  
  88  7:11  Probe (Chrono Boost)  
  88  7:13  Immortal  
  88  7:20  Probe (Chrono Boost)  
  93  7:25  Gateway  
  93  7:26  Pylon  
  93  7:27  Gateway  
  94  7:30  Probe (Chrono Boost)  
  94  7:34  Pylon  
  94  7:36  Dark Templar x2  
  98  7:48  Archon  
  98  7:49  Dark Templar  
  98  7:50  Observer, Probe (Chrono Boost)  
  101  7:53  Pylon  
  101  7:55  Pylon  
  102  8:10  Dark Templar x2  
  96  8:20  Immortal  
  86  8:30  Probe (Chrono Boost)  
  86  8:32  Gateway  
  86  8:33  Gateway  
  87  8:34  Adept  
  87  8:36  Gateway  
  89  8:41  Stalker  
  89  8:42  Stalker  
  89  8:46  Stalker  
  89  8:47  Stalker  
  93  8:58  Stalker  
  89  9:06  Stalker  
Tags
 
Add a new tag
Caveats
  • Supply blocks, unpowered buildings, or Contaminate may cause inaccurate times.
  • Supply counts are checked every 10 seconds.